IL
RENO ACES @ NEW ORLEANS ZEPHYRS
05/02/2044
 
TOP OF THE 1ST
Reno Aces batting - Pitching for New Orleans Zephyrs : RHP John Dinsmore
Pitching: RHP John Dinsmore
Now at 2B: Bill de Jesus
Now at 3B: Ramon Martinez
Batting: RHB Joe Smack 0-0: Ball
1-0: Ground out 5-3 (Groundball, 56, EV 106.9 MPH)
Batting: SHB Warren Eisner 0-0: Ball
1-0: Ball
2-0: Ball
3-0: Base on Balls
Batting: SHB Nestor Ramirez 0-0: Ball
1-0: Ball
2-0: Fly out, F8 (Flyball, 8RM, EV 80.6 MPH)
Batting: RHB Alex Vasquez 0-0: Ball
1-0: Ball
2-0: Foul Ball, location: 2F
2-1: Ball
3-1: Base on Balls
Warren Eisner to second
Batting: LHB Ruben Rocha 0-0: Called Strike
0-1: Ball
1-1: Ball
2-1: Ball
3-1: SINGLE (Line Drive, 5D, EV 104.4 MPH)
Warren Eisner to third
Alex Vasquez to second
Runner from 3rd tries for Home, SAFE, throw by LF to home
Batting: LHB Josh Kirk 0-0: Ball
1-0: SINGLE (Groundball, 4M, EV 88.8 MPH) (infield hit)
Alex Vasquez to third
Ruben Rocha to second
Batting: RHB Juan Espinoza 0-0: Foul Ball, location: 2F
0-1: Swinging Strike
0-2: Strikes out looking
Top of the 1st over - 1 run, 2 hits, 0 errors, 3 left on base; Reno 1 - New Orleans 0
BOTTOM OF THE 1ST
New Orleans Zephyrs batting - Pitching for Reno Aces : RHP Raul Sanchez
Pitching: RHP Raul Sanchez
Batting: RHB Bill de Jesus 0-0: Ground out 4-3 (Groundball, 4, EV 79.4 MPH)
Batting: SHB Ramon Martinez 0-0: DOUBLE (Line Drive, 78D, EV 106.9 MPH)
Batting: RHB Omar Contreras 0-0: Called Strike
0-1: Called Strike
0-2: Fly out, F9 (Flyball, 9LM, EV 94.4 MPH)
Batting: RHB Alex Gomez 0-0: Called Strike
0-1: Foul Ball, location: 2F
0-2: Ball
Wild Pitch!
Ramon Martinez to third
1-2: Ball
2-2: Ball
3-2: Base on Balls
Batting: RHB Chris Lee 0-0: Ball
1-0: Called Strike
1-1: Foul Ball, location: 2F
1-2: Foul Ball, location: 2F
1-2: Foul Ball, location: 2F
1-2: Strikes out swinging
Bottom of the 1st over - 0 runs, 1 hit, 0 errors, 2 left on base; Reno 1 - New Orleans 0
TOP OF THE 2ND
Reno Aces batting - Pitching for New Orleans Zephyrs : RHP John Dinsmore
Batting: RHB Tai Joo 0-0: Called Strike
0-1: Fly out, F8 (Flyball, 89D, EV 89.4 MPH)
Batting: RHB Paul Van Gilder 0-0: Ball
1-0: Swinging Strike
1-1: Foul Ball, location: 2F
1-2: Ball
2-2: Ground out 4-3 (Groundball, 4, EV 92.5 MPH)
Batting: RHB Joe Smack 0-0: Called Strike
0-1: Ball
1-1: Ball
2-1: Foul Ball, location: 2F
2-2: Ball
3-2: Base on Balls
Batting: SHB Warren Eisner 0-0: SINGLE (Groundball, 34D, EV 100.0 MPH)
Joe Smack to second
Runner from 2nd tries for 3rd, SAFE, throw by RF made at trailing runner, OUT! 9-6
Top of the 2nd over - 0 runs, 1 hit, 0 errors, 1 left on base; Reno 1 - New Orleans 0
BOTTOM OF THE 2ND
New Orleans Zephyrs batting - Pitching for Reno Aces : RHP Raul Sanchez
Batting: RHB Jesus Castillo 0-0: Called Strike
0-1: Ball
1-1: Foul Ball, location: 2F
1-2: Ball
2-2: Foul Ball, location: 2F
2-2: Ball
3-2: SINGLE (Groundball, 25, EV 67.5 MPH) (infield hit)
Batting: RHB Kyle Ashton 0-0: Called Strike
0-1: Foul Ball, location: 2F
0-2: Strikes out swinging
Batting: RHB John Jackson 0-0: Called Strike
0-1: Swinging Strike
0-2: Ball
1-2: Strikes out looking
Jesus Castillo steals 2nd base
Batter strikes out.
Batting: RHB Humberto Oros 0-0: Ball
1-0: SINGLE (Groundball, 34D, EV 106.9 MPH)
Jesus Castillo to third
Batting: RHB Bill de Jesus 0-0: Fielders Choice at 2nd, 5-4 (Groundball, 56, EV 86.2 MPH)
Bottom of the 2nd over - 0 runs, 2 hits, 0 errors, 2 left on base; Reno 1 - New Orleans 0
TOP OF THE 3RD
Reno Aces batting - Pitching for New Orleans Zephyrs : RHP John Dinsmore
Batting: SHB Nestor Ramirez 0-0: Ball
1-0: Swinging Strike
1-1: Foul Ball, location: 2F
1-2: Strikes out swinging
Batting: RHB Alex Vasquez 0-0: Reached on error, E5 (Groundball, 56, EV 106.2 MPH)
Batting: LHB Ruben Rocha 0-0: Ball
1-0: Foul Ball, location: 2F
1-1: Ball
2-1: Ball
3-1: Ground out U3 (Groundball, 34, EV 86.2 MPH)
Alex Vasquez to third
Pitching: RHP Al Mendoza
Batting: LHB Josh Kirk 0-0: Called Strike
0-1: Called Strike
0-2: Foul Ball, location: 2F
0-2: Ball
1-2: Strikes out swinging
Top of the 3rd over - 0 runs, 0 hits, 1 error, 1 left on base; Reno 1 - New Orleans 0
BOTTOM OF THE 3RD
New Orleans Zephyrs batting - Pitching for Reno Aces : RHP Raul Sanchez
Batting: SHB Ramon Martinez 0-0: Foul Ball, location: 2F
0-1: Ground out 4-3 (Groundball, 4, EV 88.8 MPH)
Batting: RHB Omar Contreras 0-0: Foul Ball, location: 2F
0-1: Ball
1-1: Foul Ball, location: 2F
1-2: Fly out, F6 (Line Drive, 6, EV 74.4 MPH)
Batting: RHB Alex Gomez 0-0: Ball
1-0: Ground out 4-3 (Groundball, 4MD, EV 78.1 MPH)
Bottom of the 3rd over - 0 runs, 0 hits, 0 errors, 0 left on base; Reno 1 - New Orleans 0
TOP OF THE 4TH
Reno Aces batting - Pitching for New Orleans Zephyrs : RHP Al Mendoza
Batting: RHB Juan Espinoza 0-0: Swinging Strike
0-1: SINGLE (Line Drive, 56, EV 98.8 MPH)
Batting: RHB Tai Joo 0-0: Called Strike
Juan Espinoza steals 2nd base
0-1: Foul Ball, location: 2F
0-2: Ball
1-2: Strikes out swinging
Batting: RHB Paul Van Gilder 0-0: Ball
1-0: Ball
2-0: Called Strike
2-1: Ball
3-1: Swinging Strike
3-2: Foul Ball, location: 2F
3-2: SINGLE (Line Drive, 5D, EV 98.8 MPH)
Juan Espinoza to third
Runner from 3rd tries for Home, throw by LF and OUT! 7-2
Batting: RHB Joe Smack 0-0: Ground out U3 (Groundball, 3L, EV 80.6 MPH)
Top of the 4th over - 0 runs, 2 hits, 0 errors, 1 left on base; Reno 1 - New Orleans 0
BOTTOM OF THE 4TH
New Orleans Zephyrs batting - Pitching for Reno Aces : RHP Raul Sanchez
Batting: RHB Chris Lee 0-0: Ball
1-0: Foul Ball, location: 2F
1-1: Ball
2-1: Foul Ball, location: 2F
2-2: Foul Ball, location: 2F
2-2: Strikes out looking
Batting: RHB Jesus Castillo 0-0: Foul Ball, location: 2F
0-1: Swinging Strike
0-2: Ball
1-2: Ground out 4-3 (Groundball, 4, EV 91.2 MPH)
Batting: RHB Kyle Ashton 0-0: Ball
1-0: Called Strike
1-1: Ball
2-1: Foul Ball, location: 2F
2-2: Ball
3-2: Base on Balls
Batting: RHB John Jackson 0-0: Ball
1-0: Foul Ball, location: 2F
1-1: Ball
2-1: Foul Ball, location: 2F
2-2: Ball
3-2: Strikes out looking
Bottom of the 4th over - 0 runs, 0 hits, 0 errors, 1 left on base; Reno 1 - New Orleans 0
TOP OF THE 5TH
Reno Aces batting - Pitching for New Orleans Zephyrs : RHP Al Mendoza
Batting: SHB Warren Eisner 0-0: SOLO HOME RUN (Flyball, 9D, EV 95.0 MPH), Distance : 369 ft
Batting: SHB Nestor Ramirez 0-0: Called Strike
0-1: Ball
1-1: Ball
2-1: Called Strike
2-2: Ball
3-2: Foul Ball, location: 2F
3-2: Strikes out looking
Batting: RHB Alex Vasquez 0-0: Ball
1-0: Called Strike
1-1: Swinging Strike
1-2: Strikes out swinging
Batting: LHB Ruben Rocha 0-0: Ball
1-0: Ball
2-0: Ball
3-0: SINGLE (Groundball, 4D, EV 95.0 MPH)
Batting: LHB Josh Kirk 0-0: Called Strike
0-1: Ball
1-1: Ball
2-1: Ground out 2-3 (Groundball, 2L, EV 70.0 MPH)
Top of the 5th over - 1 run, 2 hits, 0 errors, 1 left on base; Reno 2 - New Orleans 0
BOTTOM OF THE 5TH
New Orleans Zephyrs batting - Pitching for Reno Aces : RHP Raul Sanchez
Batting: RHB Humberto Oros 0-0: Called Strike
0-1: Ground out 6-3 (Groundball, P, EV 85.0 MPH)
Batting: RHB Bill de Jesus 0-0: Fly out, F8 (Flyball, 8LXD, EV 95.0 MPH)
Batting: SHB Ramon Martinez 0-0: Swinging Strike
0-1: Ground out U3 (Groundball, 3, EV 86.9 MPH)
Bottom of the 5th over - 0 runs, 0 hits, 0 errors, 0 left on base; Reno 2 - New Orleans 0
TOP OF THE 6TH
Reno Aces batting - Pitching for New Orleans Zephyrs : RHP Al Mendoza
Batting: RHB Juan Espinoza 0-0: Ball
1-0: Called Strike
1-1: Ball
2-1: Swinging Strike
2-2: Fly out, F9 (Flyball, 9, EV 76.9 MPH)
Batting: RHB Tai Joo 0-0: Ball
1-0: Foul Ball, location: 2F
1-1: Ball
2-1: Ball
3-1: Ground out 1-3 (Groundball, 34S, EV 76.2 MPH)
Batting: RHB Paul Van Gilder 0-0: Ball
1-0: Ball
2-0: Called Strike
2-1: Fly out, F8 (Line Drive, 8RM, EV 93.1 MPH)
Top of the 6th over - 0 runs, 0 hits, 0 errors, 0 left on base; Reno 2 - New Orleans 0
BOTTOM OF THE 6TH
New Orleans Zephyrs batting - Pitching for Reno Aces : RHP Raul Sanchez
Batting: RHB Omar Contreras 0-0: Ball
1-0: Foul Ball, location: 2F
1-1: Ground out 5-3 (Groundball, 56, EV 89.4 MPH)
Batting: RHB Alex Gomez 0-0: Ball
1-0: Foul Ball, location: 2F
1-1: Ball
2-1: Ground out 4-3 (Groundball, 4D, EV 108.1 MPH)
Batting: RHB Chris Lee 0-0: Ball
1-0: Fly out, F8 (Flyball, 8RS, EV 77.5 MPH)
Bottom of the 6th over - 0 runs, 0 hits, 0 errors, 0 left on base; Reno 2 - New Orleans 0
TOP OF THE 7TH
Reno Aces batting - Pitching for New Orleans Zephyrs : RHP Al Mendoza
Pitching: RHP Mike Myers
Batting: RHB Joe Smack 0-0: Ball
1-0: Swinging Strike
1-1: Swinging Strike
1-2: Ball
2-2: Strikes out swinging
Batting: SHB Warren Eisner 0-0: Ball
1-0: DOUBLE (Flyball, 8RXD, EV 95.6 MPH)
Batting: SHB Nestor Ramirez 0-0: Ball
Warren Eisner steals 3rd base
1-0: Swinging Strike
1-1: Swinging Strike
1-2: Strikes out swinging
Batting: RHB Alex Vasquez 0-0: DOUBLE (Flyball, 78D, EV 113.8 MPH)
Warren Eisner scores
Batting: LHB Ruben Rocha 0-0: Ball
1-0: Called Strike
1-1: Ball
2-1: Ball
3-1: Called Strike
3-2: Foul Ball, location: 2F
3-2: Foul Ball, location: 2F
3-2: DOUBLE (Line Drive, 3D, EV 95.6 MPH)
Alex Vasquez scores
Batting: LHB Josh Kirk 0-0: Foul Ball, location: 2F
0-1: Ball
1-1: Called Strike
1-2: Foul Ball, location: 2F
1-2: Ball
2-2: Ball
3-2: Ground out 4-3 (Groundball, 4, EV 93.1 MPH)
Top of the 7th over - 2 runs, 3 hits, 0 errors, 1 left on base; Reno 4 - New Orleans 0
BOTTOM OF THE 7TH
New Orleans Zephyrs batting - Pitching for Reno Aces : RHP Raul Sanchez
Batting: RHB Jesus Castillo 0-0: Ball
1-0: Called Strike
1-1: Fly out, F7 (Line Drive, 7, EV 91.2 MPH)
Batting: RHB Kyle Ashton 0-0: Ball
1-0: Foul Ball, location: 2F
1-1: Foul Ball, location: 2F
1-2: Ball
2-2: Foul Ball, location: 2F
2-2: Reached via error on a dropped throw from SS, E3 (Groundball, 56, EV 85.0 MPH)
Batting: RHB John Jackson 0-0: Called Strike
0-1: 2-RUN HOME RUN (Flyball, 7D, EV 97.5 MPH), Distance : 394 ft
Batting: RHB Humberto Oros 0-0: Called Strike
0-1: SINGLE (Line Drive, 9LM, EV 95.6 MPH)
Pitching: RHP Jarrod Kenny
Batting: RHB Bill de Jesus 0-0: Ball
1-0: Foul Ball, location: 2F
1-1: Foul Ball, location: 2F
1-2: Ball
2-2: DOUBLE (Groundball, 3D, EV 102.5 MPH)
Humberto Oros to third
Runner from 3rd tries for Home, SAFE, throw by RF to trailing runner, SAFE at third!
Batting: SHB Ramon Martinez 0-0: Foul Ball, location: 2F
0-1: Swinging Strike
0-2: Ground out 4-3 (Groundball, 4, EV 82.5 MPH)
Batting: RHB Omar Contreras 0-0: Called Strike
0-1: Ground out 5-3 (Groundball, 56S, EV 70.6 MPH)
Bottom of the 7th over - 3 runs, 3 hits, 1 error, 1 left on base; Reno 4 - New Orleans 3
TOP OF THE 8TH
Reno Aces batting - Pitching for New Orleans Zephyrs : RHP Mike Myers
Batting: RHB Juan Espinoza 0-0: Ball
1-0: Ground out 4-3 (Groundball, 4, EV 84.4 MPH)
Batting: RHB Tai Joo 0-0: Foul Ball, location: 2F
0-1: Ball
1-1: Ball
2-1: Swinging Strike
2-2: Ball
3-2: Base on Balls
Batting: RHB Paul Van Gilder 0-0: Called Strike
0-1: Ball
1-1: Ball
2-1: Called Strike
2-2: Strikes out swinging
Batting: RHB Joe Smack 0-0: Ball
1-0: Foul Ball, location: 2F
1-1: SINGLE (Groundball, 6MD, EV 95.0 MPH)
Tai Joo to second
Pitching: LHP Yoriyuki Sugai
Batting: SHB Warren Eisner 0-0: Ball
1-0: Ball
2-0: Ground out 5-3 (Groundball, 56S, EV 81.2 MPH)
Top of the 8th over - 0 runs, 1 hit, 0 errors, 2 left on base; Reno 4 - New Orleans 3
BOTTOM OF THE 8TH
New Orleans Zephyrs batting - Pitching for Reno Aces : RHP Jarrod Kenny
Pitching: RHP Adam Bucci
Batting: RHB Alex Gomez 0-0: Ball
1-0: Called Strike
1-1: Foul Ball, location: 2F
1-2: Fly out, F9 (Line Drive, 9, EV 98.8 MPH)
Batting: RHB Chris Lee 0-0: Ball
1-0: Ball
2-0: Called Strike
2-1: Ball
3-1: Reached on error, E6 (Groundball, 6, EV 90.0 MPH)
Pinch Hitting: LHB Adrian Young 0-0: Ball
1-0: TRIPLE (Flyball, 8LXD, EV 85.6 MPH)
Chris Lee scores
Pinch Hitting: LHB Gustavo Patella 0-0: Intentional Walk
Batting: RHB John Jackson 0-0: Called Strike
0-1: Fielders Choice at 2nd, 1-4 (Groundball, 15S, EV 71.9 MPH)
Batting: RHB Humberto Oros 0-0: Called Strike
0-1: Ball
1-1: Fly out, F6 (Flyball, 5D, EV 83.8 MPH)
Bottom of the 8th over - 1 run, 1 hit, 1 error, 2 left on base; Reno 4 - New Orleans 4
TOP OF THE 9TH
Reno Aces batting - Pitching for New Orleans Zephyrs : LHP Yoriyuki Sugai
Now in LF: Adrian Young
Now in CF: Gebre-Giorgios Tikolo
Batting: SHB Nestor Ramirez 0-0: Called Strike
0-1: Foul Ball, location: 2F
0-2: Ball
1-2: Ball
2-2: Strikes out swinging
Batting: RHB Alex Vasquez 0-0: Ball
1-0: Ball
2-0: Ball
3-0: Called Strike
3-1: Base on Balls
Pinch Hitting: RHB Israel Gaona 0-0: Called Strike
0-1: Ball
1-1: Foul Ball, location: 2F
1-2: Foul Ball, location: 2F
1-2: Fly out, F9 (Flyball, 9LD, EV 106.9 MPH)
Pinch Hitting: SHB Troy Maynard 0-0: Called Strike
0-1: Ball
1-1: Ball
2-1: SINGLE (Groundball, 6M, EV 83.1 MPH) (infield hit)
Alex Vasquez to second
Pitching: RHP Jason Davis
Pinch Hitting: LHB Chris Escobar 0-0: Ball
1-0: Foul Ball, location: 2F
1-1: Ball
2-1: Ball
3-1: Foul Ball, location: 2F
3-2: Strikes out swinging
Top of the 9th over - 0 runs, 1 hit, 0 errors, 2 left on base; Reno 4 - New Orleans 4
BOTTOM OF THE 9TH
New Orleans Zephyrs batting - Pitching for Reno Aces : RHP Adam Bucci
Pitching: RHP Bill Pauley
Now at SS: Israel Gaona
Now in LF: Bill Morgan
Now in RF: Shane Smith
Batting: RHB Bill de Jesus 0-0: Called Strike
0-1: Swinging Strike
0-2: Strikes out swinging
Batting: SHB Ramon Martinez 0-0: Ball
1-0: Ball
2-0: Ball
3-0: Called Strike
3-1: Ground out 4-3 (Groundball, 4, EV 85.0 MPH)
Batting: RHB Omar Contreras 0-0: Swinging Strike
0-1: Called Strike
0-2: Strikes out looking
Bottom of the 9th over - 0 runs, 0 hits, 0 errors, 0 left on base; Reno 4 - New Orleans 4
TOP OF THE 10TH
Reno Aces batting - Pitching for New Orleans Zephyrs : RHP Jason Davis
Pinch Hitting: SHB Luis Lira 0-0: Ball
1-0: Ground out 5-3 (Groundball, 56, EV 77.5 MPH)
Batting: RHB Paul Van Gilder 0-0: Called Strike
0-1: DOUBLE (Flyball, 8RXD, EV 95.0 MPH)
Batting: RHB Joe Smack 0-0: Ball
Wild Pitch!
Paul Van Gilder to third
1-0: Ball
2-0: Bunted foul
Squeeze bunt is on, Paul Van Gilder is out
2-2: Fly out, F8 (Flyball, 8LS, EV 84.4 MPH)
Top of the 10th over - 0 runs, 1 hit, 0 errors, 0 left on base; Reno 4 - New Orleans 4
BOTTOM OF THE 10TH
New Orleans Zephyrs batting - Pitching for Reno Aces : RHP Bill Pauley
Pitching: RHP Nick Burcham
Now at C: Toichiro Fujimoto
Batting: RHB Alex Gomez 0-0: Foul Ball, location: 2F
0-1: Ball
1-1: Ground out 5-3 (Groundball, 56S, EV 80.6 MPH)
Batting: RHB Chris Lee 0-0: Ball
1-0: Foul Ball, location: 2F
1-1: Ball
2-1: Ball
3-1: Fly out, F7 (Flyball, 7LS, EV 75.6 MPH)
Batting: LHB Adrian Young 0-0: Called Strike
0-1: Ball
1-1: Ground out U3 (Groundball, 34, EV 108.1 MPH)
Bottom of the 10th over - 0 runs, 0 hits, 0 errors, 0 left on base; Reno 4 - New Orleans 4
TOP OF THE 11TH
Reno Aces batting - Pitching for New Orleans Zephyrs : RHP Jason Davis
Batting: SHB Warren Eisner 0-0: Called Strike
0-1: Ball
1-1: Fly out, F8 (Flyball, 8RD, EV 95.0 MPH)
Batting: SHB Nestor Ramirez 0-0: Ball
1-0: DOUBLE (Flyball, 8LXD, EV 98.8 MPH)
Batting: RHB Alex Vasquez 0-0: Foul Ball, location: 2F
0-1: Foul Ball, location: 2F
0-2: Ball
1-2: Ball
2-2: Foul Ball, location: 2F
2-2: Ground out 6-3 (Groundball, 6M, EV 85.6 MPH)
Nestor Ramirez to third
Batting: RHB Israel Gaona 0-0: Intentional Walk
Batting: RHB Shane Smith 0-0: Ball
1-0: Fielders Choice at 2nd, 6-4 (Groundball, 6, EV 81.2 MPH)
Top of the 11th over - 0 runs, 1 hit, 0 errors, 2 left on base; Reno 4 - New Orleans 4
BOTTOM OF THE 11TH
New Orleans Zephyrs batting - Pitching for Reno Aces : RHP Nick Burcham
Batting: RHB Gebre-Giorgios Tikolo 0-0: Called Strike
0-1: Swinging Strike
0-2: Strikes out swinging
Batting: RHB John Jackson 0-0: Foul Ball, location: 2F
0-1: Ball
1-1: Ground out 4-3 (Groundball, 4, EV 97.5 MPH)
Batting: RHB Humberto Oros 0-0: Ground out 5-3 (Groundball, 56, EV 83.1 MPH)
Bottom of the 11th over - 0 runs, 0 hits, 0 errors, 0 left on base; Reno 4 - New Orleans 4
TOP OF THE 12TH
Reno Aces batting - Pitching for New Orleans Zephyrs : RHP Jason Davis
Batting: RHB Bill Morgan 0-0: Foul Ball, location: 2F
0-1: Ball
1-1: Fly out, F9 (Flyball, 9, EV 97.5 MPH)
Batting: RHB Toichiro Fujimoto 0-0: Called Strike
0-1: Ground out 5-3 (Groundball, 5, EV 90.0 MPH)
Batting: RHB Paul Van Gilder 0-0: Swinging Strike
0-1: Swinging Strike
0-2: Ball
1-2: Foul Ball, location: 2F
1-2: Strikes out swinging
Top of the 12th over - 0 runs, 0 hits, 0 errors, 0 left on base; Reno 4 - New Orleans 4
BOTTOM OF THE 12TH
New Orleans Zephyrs batting - Pitching for Reno Aces : RHP Nick Burcham
Batting: RHB Bill de Jesus 0-0: Called Strike
0-1: Ball
1-1: Ball
2-1: Ball
3-1: Ground out 5-3 (Groundball, 56, EV 85.0 MPH)
Batting: SHB Ramon Martinez 0-0: Swinging Strike
0-1: Ball
1-1: Ball
2-1: Foul Ball, location: 2F
2-2: SINGLE (Line Drive, 7S, EV 103.8 MPH)
Pitching: RHP Josh Pugh
Batting: RHB Omar Contreras 0-0: Ball
1-0: Ball
2-0: Called Strike
2-1: Fielders Choice at 2nd, 5-4 (Groundball, 56S, EV 85.6 MPH)
Batting: RHB Alex Gomez 0-0: Ball
1-0: Called Strike
1-1: Swinging Strike
1-2: Hit by Pitch
Omar Contreras to second
Batting: RHB Chris Lee 0-0: Fly out, F9 (Flyball, 9D, EV 103.8 MPH)
Bottom of the 12th over - 0 runs, 1 hit, 0 errors, 2 left on base; Reno 4 - New Orleans 4
TOP OF THE 13TH
Reno Aces batting - Pitching for New Orleans Zephyrs : RHP Jason Davis
Pitching: RHP David Laska
Batting: RHB Joe Smack 0-0: Ball
1-0: Ball
2-0: Foul Ball, location: 2F
2-1: Ball
3-1: Base on Balls
Batting: SHB Warren Eisner 0-0: Ball
Joe Smack is caught stealing 2nd base 2-6
1-0: Called Strike
1-1: Ball
2-1: Foul Ball, location: 2F
2-2: Strikes out looking
Batting: SHB Nestor Ramirez 0-0: Foul Ball, location: 2F
0-1: TRIPLE (Line Drive, 89XD, EV 111.2 MPH)
Batting: RHB Alex Vasquez 0-0: Foul Ball, location: 2F
0-1: 2-RUN HOME RUN (Flyball, 7D, EV 100.0 MPH), Distance : 384 ft
Batting: RHB Israel Gaona 0-0: Ball
1-0: Called Strike
1-1: Foul Ball, location: 2F
1-2: Ball
2-2: Ball
3-2: Foul Ball, location: 2F
3-2: Foul Ball, location: 2F
3-2: Ground out 6-3 (Groundball, 6M, EV 108.1 MPH)
Top of the 13th over - 2 runs, 2 hits, 0 errors, 0 left on base; Reno 6 - New Orleans 4
BOTTOM OF THE 13TH
New Orleans Zephyrs batting - Pitching for Reno Aces : RHP Josh Pugh
Batting: LHB Adrian Young 0-0: Ball
1-0: Foul Ball, location: 2F
1-1: Ground out 4-3 (Groundball, 4, EV 83.8 MPH)
Batting: RHB Gebre-Giorgios Tikolo 0-0: Swinging Strike
0-1: Called Strike
0-2: Strikes out looking
Batting: RHB John Jackson 0-0: Called Strike
0-1: Foul Ball, location: 2F
0-2: Ground out 5-3 (Groundball, 56S, EV 68.1 MPH)
Bottom of the 13th over - 0 runs, 0 hits, 0 errors, 0 left on base; Reno 6 - New Orleans 4
Thursday, March 31st , 2022 - OOTP Baseball 22.12 Build 89